 Dungeon Crawl Stone Soup version 0.22-a0-322-g60b3cfd (webtiles) character file.

14 Kairos the Shield-Bearer (level 2, 25/25 HPs)
             Began as a Formicid Fighter on Apr 5, 2018.
             Got out of the dungeon alive.
             The game lasted 00:00:39 (463 turns).

Kairos the Shield-Bearer (Formicid Fighter)          Turns: 463, Time: 00:00:40

Health: 25/25      AC:  6    Str: 20    XL:     2   Next: 60%
Magic:  2/2        EV:  8    Int:  7    God:
Gold:   28         SH:  9    Dex: 10    Spells: 1/1 levels left

rFire    . . .     SeeInvis +   a - +0 quarterstaff
rCold    . . .     Gourm    .   c - +0 shield
rNeg     . . .     Faith    .   b - +0 scale mail
rPois    .         Spirit   .   (helmet unavailable)
rElec    .         Reflect  .   (no cloak)
rCorr    .         Harm     .   (no gloves)
MR       .....                  (no boots)
Stlth    ..........             (no amulet)
HPRegen  0.08/turn              (no ring)
MPRegen  0.08/turn              (no ring)

@: no status effects
A: permanent stasis, dig shafts and tunnels, four strong arms, antennae 3
a: Dig, Shaft Self


You escaped.
You were not hungry.

You visited 1 branch of the dungeon, and saw 1 of its levels.

You collected 28 gold pieces.

Inventory:

Hand Weapons
 a - a +0 quarterstaff (weapon)
Armour
 b - a +0 scale mail (worn)
 c - a +0 shield (worn)
Potions
 d - a potion of might
 e - a potion of agility {unknown}
 g - a potion of magic {unknown}
Comestibles
 f - 3 rations


   Skills:
 + Level 3.6 Fighting
 + Level 2.2 Staves
 + Level 3.3 Armour
 + Level 0.1 Dodging
 + Level 4.0 Shields


You had one spell level left.
You didn't know any spells.

Dungeon Overview and Level Annotations

Branches:
Dungeon (1/15)

Altars:


Innate Abilities, Weirdness & Mutations

You cannot be hasted, slowed, berserked, paralysed or teleported.
You can dig through walls and to a lower floor.
Your four strong arms can wield two-handed weapons with a shield.
You have a pair of large antennae on your head. (SInv)


Message History

The kobold throws a stone.
The stone hits you but does no damage.
You see here a stone.
A kobold is nearby!
The kobold throws a stone.
The stone hits you but does no damage.
You see here a stone.
The kobold throws a stone.
The stone hits you.
You see here a stone.
The kobold throws a stone.
You block the stone.
You see here a stone.
You barely miss the kobold. The kobold barely misses you.
You barely miss the kobold. You block the kobold's attack.
You sock the kobold!
You kill the kobold!
Your Shields skill increases to level 4!
You see here a stone.
You see here 22 stones.
There is a stone staircase leading down here.
There is a staircase leading out of the dungeon here.
Are you sure you want to leave the Dungeon?
This will make you lose the game!
You have escaped!

#.# #.....#....#..
#.#####.....#....###
#.....+.............
#####.#.....####.###
##.#.#)#.##### #.# #.#.#.#.## #.#
##.#.#.#.# #.# #.#.#.#.## #.###
###.#@#.#.# #.#.. #..#.#.#.##
#.#.# #.#.#.#.#.# #....
##########..#.#.#.###########.#
###...........................#.#
..#.#########################.#.#
...................# #.#.#
#.##.#############.# #.#.# .....#
#.# #...#


There were no monsters in sight!

Vanquished Creatures
  2 goblins (D:1)
  3 hobgoblins (D:1)
  2 jackals (D:1)
  3 kobolds (D:1)
  A frilled lizard (D:1)
11 creatures vanquished.

Notes
Turn   | Place    | Note
-------+----------+-------------------------------------------
     0 | D:1      | Kairos the Formicid Fighter began the quest for the Orb.
     0 | D:1      | Reached XP level 1. HP: 18/18 MP: 1/1
    72 | D:1      | Reached XP level 2. HP: 22/24 MP: 2/2
   427 | D:1      | Reached skill level 4 in Shields
   463 | D:$      | Got out of the dungeon alive.

Vault maps used:
D:1:      lightli_arrival_chessboard, minmay_pentomino_x2

Skill      XL: |  1  2 |
---------------+-------+-----
Shields        | 4 |  4.0
Fighting       | |  3.6
Staves         | |  2.2
Armour         | |  3.3
Dodging        | |  0.1

Action                   || total
-------------------------++-------
Melee: Quarterstaff      ||    28
Armor: Scale mail        ||     9
Dodge: Dodged            ||    10
Block: Shield            ||    13

Table legend:
 A = Spawn XP
 B = Non-spawn XP
 C = Spawn XP percentage of total XP
 D = Spawn monster count
 E = Non-spawn monster count
 F = Spawn count percentage of total count
 G = Total turns spent on level
                    A         B        C        D         E        F      G
               +---------+---------+-------+---------+---------+-------+---------
         Total |       0 |      21 |   0.0 |       0 |      11 |   0.0 |   463
               +---------+---------+-------+---------+---------+-------+---------
           D:1 |       0 |      21 |   0.0 |       0 |      11 |   0.0 |   463
               +---------+---------+-------+---------+---------+-------+---------
